 Dungeon Crawl Stone Soup version 0.31-a0-705-ga145531891 (webtiles) character file.

Game seed: 429767472115951616

22 Ninyekka the Magician (level 2, -1/15 HPs)
             Began as a Tengu Hedge Wizard on Sept 9, 2023.
             Frozen to death by an endoplasm (5 damage)
             ... on level 1 of the Dungeon.
             The game lasted 00:08:24 (323 turns).

Ninyekka the Magician (Tengu Hedge Wizard)           Turns: 323, Time: 00:08:24

Health: -1/15      AC:  5    Str: 10    XL:     2   Next: 91%
Magic:  7/7        EV: 10    Int: 14    God:
Gold:   28         SH:  0    Dex: 13    Spells: 7/8 levels left

rFire   . . .        m - +0 spear
rCold   . . .        (no shield)
rNeg    . . .        e - +0 ring mail
rPois   .            c - +0 hat
rElec   .            (no cloak)
rCorr   .            (no gloves)
SInv    .            (boots unavailable)
Will    .....        (no amulet)
Stlth   +            (no ring)
HPRegen 0.22/turn    (no ring)
MPRegen 0.10/turn

%: acrobat
@: no status effects
A: beak, talons 3, acrobatic
a: no special abilities


You were on level 1 of the Dungeon.
You visited 1 branch of the dungeon, and saw 1 of its levels.

You collected 28 gold pieces.

Inventory:

Hand Weapons
 a - a +0 dagger
 h - a +0 dagger
 j - a +0 dagger
 m - a +0 spear (weapon)
Missiles
 l - 8 stones
Armour
 b - a +0 robe
 c - a +0 hat (worn)
 e - a +0 ring mail (worn)
 f - a +0 scale mail
Scrolls
 g - a scroll of fear {unknown}
 i - a scroll of amnesia {unknown}
 k - a scroll of vulnerability {unknown}
 n - a scroll of enchant weapon {unknown}
Potions
 d - a potion of magic


   Skills:
 + Level 0.1 Short Blades
 + Level 2.5 Dodging
 + Level 2.0 Stealth
 + Level 3.6 Spellcasting
 + Level 1.3 Conjurations
 + Level 1.2 Summonings
 + Level 0.7 Translocations


You had 7 spell levels left.
You knew the following spells:

 Your Spells              Type           Power      Damage    Failure   Level
a - Magic Dart            Conj           24%        1d4       30%         1

Your spell library contained the following spells:

 Spells                   Type           Power      Damage    Failure   Level
 Call Imp                 Summ           12%        N/A       43%         2
 Slow                     Hex            8%         N/A       45%         1
 Blink                    Tloc           8%         N/A       52%         2
 Cigotuvi's Dreadful Rot  Necr/Pois/Air  4%         N/A       61%         2
 Mephitic Cloud           Conj/Pois/Air  3%         N/A       78%         3


Dungeon Overview and Level Annotations

Branches:
Dungeon (1/15)

Altars:


Innate Abilities, Weirdness & Mutations

You have a beak for a mouth.
You have claws for feet.
You can magically evade attacks while moving or waiting.


Message History

There are no items here.
A hobgoblin comes into view.
Found 5 gold pieces.
The hobgoblin shouts!
You hear a shout! x2
An endoplasm comes into view.
Found 2 gold pieces and a cloak.
A goblin comes into view. It is wielding a +0 dagger. x2
The hobgoblin misses you.
A quokka comes into view.
The endoplasm quivers.
You hit the hobgoblin but do no damage. Your kick misses the hobgoblin.
Your peck misses the hobgoblin. The hobgoblin closely misses you.
You hit the hobgoblin.
You kill the hobgoblin!
Found a plate armour and 4 gold pieces.
You see here a hobgoblin corpse.
You hit the goblin but do no damage. You claw the goblin.
You kill the goblin!
The goblin hits you but does no damage.
You barely miss the quokka. Your kick misses the quokka.
Your peck misses the quokka. The goblin hits you with a +0 dagger.
The quokka bites you.
You hit the endoplasm but do no damage.
You claw the endoplasm, but do no damage.
The quokka bites you but does no damage.
The goblin hits you but does no damage. The endoplasm barely misses you.
The quokka bites you but does no damage.
The goblin barely misses you. The endoplasm freezes you.
You are frozen.
You miss the quokka. You peck the quokka, but do no damage.
The quokka barely misses you. The goblin closely misses you.
The endoplasm barely misses you.
You hit the quokka.
The quokka is moderately wounded.
The quokka bites you.
* * * LOW HITPOINT WARNING * * *
The endoplasm freezes you.
You are frozen.
You die...

### ##### .# #.. #...# $
.# #.# ###...## #.
#####.# #.# #....... ...
..... #.# #.......
.#..##[#.# #.# #.......
.......#.## #.# ###...##
[.....J...###.# #...#
#....r@......######.###
#....g.................
.................#...###
###$$......####.###.##
#............## ##.#
#.......#####. ##.##
####.#### #.#.##### #.
#....... .. ########


You could see an endoplasm, a quokka and a goblin.

Vanquished Creatures
  A gnoll (D:1)
  A dart slug (D:1)
  2 ball pythons (D:1)
  3 goblins (D:1)
  A hobgoblin (D:1)
  A quokka (D:1)
  A rat (D:1)
10 creatures vanquished.

Notes
Turn   | Place    | Note
-------+----------+-------------------------------------------
     0 | D:1      | Ninyekka the Tengu Hedge Wizard began the quest for the
                  | Orb.
     0 | D:1      | Reached XP level 1. HP: 10/10 MP: 5/5
   210 | D:1      | Reached XP level 2. HP: 12/15 MP: 7/7
   323 | D:1      | Frozen to death by an endoplasm

Illustrated notes

Levels and vault maps discovered:
D:1:      nzn_arrival_crosshair, layout_loops_ring

Action                     || total
---------------------------++-------
  Melee: Dagger            ||    30
         Peck              ||     5
         Kick              ||     8
         Spear             ||     7
 Armour: Ring mail         ||    17
         Robe              ||     2
  Dodge: Dodged            ||    28

Table legend: (Time is in decaauts)
 A = Elapsed time spent in this place.
 B = Non-inter-level travel time spent in this place.
 C = Inter-level travel time spent in this place.
 D = Time resting spent in this place.
 E = Time spent auto-exploring this place.
 F = Levels seen in this place.
 G = Mean time per level.
                   A        B        C        D        E       F      G
               +--------+--------+--------+--------+--------+-----+--------+
         Total |    323 |    108 |    215 |      0 |      0 |   1 |  323.0 |
       Dungeon |    323 |    108 |    215 |      0 |      0 |   1 |  323.0 |
               +--------+--------+--------+--------+--------+-----+--------+

Top non-repeatable levels by time:
     D:1: 323 daAuts
